Map: Hardwire LE

Players

AGOElazer (Elazer)

  • Race: Zerg Zerg
  • League: Master

Reynor - Winner!

  • Race: Zerg Zerg
  • League: Master

Event: TSL 8

VOD

Have the link to the VOD?

Description

Time

  • Played on: Nov. 26, 2021, 11:21 a.m.
  • Length: 9:02

All games in this series

Show
View Real Time Build Order
Export as new Build Order

AGOElazer Zerg 

Build Orders: Hatch First 

Get SALT Encoding   

  12  0:00  Drone  
  13  0:12  Overlord  
  13  0:17  Drone  
  14  0:31  Drone x2  
  16  0:49  Hatchery  
  15  0:51  Drone  
  15  0:55  Drone  
  17  0:58  Drone  
  18  1:09  Extractor  
  17  1:13  Spawning Pool  
  17  1:16  Drone  
  17  1:20  Drone  
  18  1:28  Drone  
  19  1:38  Drone  
  20  1:49  Drone  
  21  2:00  Queen x2  
  21  2:01  Drone  
  26  2:02  Overlord  
  26  2:11  Drone x2  
  28  2:22  Drone x2  
  30  2:33  Drone x2  
  30  2:36  Queen, Lair  
  34  2:43  Drone, Overlord  
  35  2:52  Evolution Chamber  
  35  2:58  Roach Warren  
  33  2:59  Drone x2  
  35  3:07  Drone x6  
  35  3:10  Drone  
  35  3:12  Drone  
  43  3:17  Zerg Missile Weapons Level 1  
  43  3:19  Drone  
  44  3:20  Overlord  
  44  3:25  Extractor x2  
  42  3:29  Drone x2  
  44  3:37  Glial Reconstitution  
  44  3:39  Drone x2  
  44  3:41  Drone x3  
  49  3:49  Overlord  
  49  3:53  Overlord  
  49  3:54  Roach  
  51  4:08  Overlord  
  51  4:09  Roach x3  
  57  4:11  Hatchery  
  57  4:13  Roach  
  58  4:18  Roach x2  
  58  4:23  Overlord  
  62  4:26  Roach x3  
  62  4:31  Overlord  
  68  4:33  Roach  
  68  4:34  Roach  
  72  4:39  Roach x2  
  72  4:42  Roach  
  72  4:44  Roach  
  80  4:46  Roach  
  82  4:57  Roach  
  84  5:00  Drone  
  84  5:01  Drone x2  
  84  5:03  Extractor  
  84  5:05  Drone, Spire  
  86  5:09  Drone x4  
  90  5:17  Overlord  
  90  5:19  Drone x2  
  92  5:28  Drone  
  91  5:31  Drone x2  
  91  5:34  Overlord  
  83  5:41  Roach  
  83  5:42  Roach x5  
  95  5:45  Extractor  
  95  5:46  Roach x2  
  98  5:52  Roach  
  98  5:53  Roach x3  
  98  5:55  Overlord  
  106  5:58  Roach  
  108  6:07  Roach x3  
  114  6:12  Overlord  
  114  6:15  Roach x4  
  122  6:27  Overlord x2  
  110  6:41  Mutalisk x5  
  110  6:46  Roach x3  
  126  6:48  Overlord  
  126  6:51  Roach x2  
  130  6:56  Roach x2  
  134  7:02  Roach x3  
  134  7:06  Overlord  
  134  7:07  Roach x2  
  144  7:09  Roach  
  146  7:26  Roach x7  
  160  7:31  Overlord  
  160  7:32  Roach  
  138  7:52  Roach x8  
  132  8:01  Roach  
  132  8:02  Roach x3  
  120  8:08  Roach  
  120  8:09  Roach x2  
  116  8:17  Roach x3  
  123  8:20  Ravager  
  123  8:23  Ravager  
  124  8:29  Ravager  
Show
View Real Time Build Order
Export as new Build Order

Reynor Zerg - Winner!

Build Orders: Hatch First 

Get SALT Encoding   

  12  0:00  Drone  
  13  0:11  Overlord  
  13  0:16  Drone  
  14  0:30  Drone x2  
  16  0:47  Hatchery  
  16  0:49  Drone  
  16  0:53  Drone  
  16  0:56  Drone  
  18  1:08  Extractor  
  17  1:11  Spawning Pool  
  17  1:15  Drone  
  17  1:18  Drone  
  18  1:27  Drone  
  19  1:38  Drone  
  20  1:49  Drone  
  21  1:59  Overlord  
  21  2:00  Queen x2  
  21  2:01  Zergling x2  
  26  2:10  Drone x2  
  28  2:21  Drone x2  
  30  2:33  Hatchery  
  30  2:35  Queen  
  30  2:36  Drone  
  32  2:38  Drone  
  33  2:44  Evolution Chamber  
  33  2:45  Drone  
  33  2:48  Overlord  
  33  2:53  Drone x2  
  35  3:04  Drone  
  36  3:08  Drone x3  
  36  3:10  Zerg Ground Armor Level 1  
  36  3:12  Overlord  
  39  3:16  Drone  
  39  3:17  Drone  
  41  3:20  Drone  
  41  3:21  Drone  
  41  3:23  Drone  
  44  3:30  Drone  
  44  3:32  Drone, Roach Warren  
  45  3:39  Lair  
  45  3:40  Drone  
  46  3:43  Overlord  
  46  3:45  Drone  
  46  3:46  Drone  
  46  3:48  Drone  
  49  3:50  Extractor  
  49  3:51  Drone  
  49  3:52  Drone, Extractor  
  49  3:54  Drone  
  50  3:55  Drone  
  50  3:59  Overlord  
  51  4:05  Drone x2  
  51  4:06  Drone  
  51  4:08  Drone  
  51  4:09  Overlord  
  55  4:12  Drone x2  
  55  4:15  Roach  
  59  4:17  Roach  
  59  4:19  Roach  
  59  4:22  Overlord  
  63  4:26  Roach x2  
  63  4:29  Drone x2  
  63  4:31  Extractor  
  68  4:32  Roach  
  68  4:33  Roach  
  68  4:35  Roach  
  74  4:39  Roach  
  74  4:40  Roach  
  74  4:43  Overlord  
  74  4:44  Glial Reconstitution  
  78  4:47  Roach  
  78  4:50  Roach  
  82  4:54  Overlord  
  82  4:59  Overseer  
  81  5:00  Roach x2  
  81  5:04  Roach  
  81  5:05  Roach  
  89  5:08  Roach, Overlord  
  89  5:10  Roach  
  89  5:11  Roach  
  95  5:15  Roach  
  95  5:17  Drone x2  
  95  5:18  Overlord  
  95  5:21  Roach x2  
  101  5:28  Zerg Missile Weapons Level 1  
  101  5:30  Roach  
  101  5:31  Overlord  
  101  5:32  Extractor  
  101  5:33  Roach  
  96  5:37  Drone x2  
  96  5:41  Roach x4  
  106  5:44  Roach  
  106  5:45  Overlord  
  106  5:48  Roach  
  112  5:50  Roach  
  112  5:53  Roach  
  112  5:54  Roach  
  112  5:56  Drone  
  117  5:58  Roach  
  117  5:59  Roach  
  122  6:04  Drone x2  
  122  6:09  Roach x3  
  122  6:11  Overlord  
  129  6:17  Queen  
  133  6:29  Queen  
  130  6:36  Roach  
  130  6:37  Roach x5  
  130  6:38  Overlord  
  136  6:42  Roach x2  
  136  6:45  Roach x2  
  138  6:52  Overlord  
  138  6:57  Queen  
  138  6:58  Drone  
  138  6:59  Drone, Overlord  
  138  7:00  Drone x2  
  142  7:03  Roach  
  142  7:04  Overlord  
  142  7:08  Hydralisk Den  
  143  7:09  Spore Crawler  
  143  7:11  Overlord  
  143  7:13  Drone x4  
  146  7:16  Extractor  
  146  7:17  Spore Crawler  
  146  7:19  Roach x2  
  146  7:20  Ravager x2  
  146  7:22  Spore Crawler  
  149  7:23  Overlord  
  149  7:28  Spore Crawler  
  148  7:32  Drone x3  
  148  7:35  Queen  
  153  7:39  Overlord  
  153  7:40  Drone  
  153  7:41  Drone  
  155  7:46  Roach x2  
  155  7:49  Roach x2  
  145  7:51  Roach  
  145  7:55  Roach  
  145  7:56  Roach  
  145  7:58  Roach x2  
  137  8:02  Roach  
  137  8:03  Roach  
  125  8:07  Roach x3  
  125  8:11  Drone x3  
  128  8:14  Roach x2  
  128  8:16  Ravager x2  
  128  8:18  Roach  
  128  8:19  Roach  
  138  8:24  Roach x3  
  144  8:28  Lurker Den  
  144  8:33  Overlord  
  143  8:38  Roach x5  
Tags
 
Add a new tag
Caveats
  • Supply blocks, unpowered buildings, or Contaminate may cause inaccurate times.
  • Supply counts are checked every 10 seconds.